 Dungeon Crawl Stone Soup version 0.29.0-11-gd7f09526c8 (webtiles) character file.

Game seed: 887870287480130372

4864 mortz the Destroyer (level 10, -2/67 HPs)
             Began as a Human Conjurer on Sept 4, 2022.
             Was a Follower of Vehumet.
             Shot with an arrow by a centaur warrior (14 damage)
             ... on level 9 of the Dungeon.
             The game lasted 01:04:27 (11128 turns).

mortz the Destroyer (Human Conjurer)               Turns: 11128, Time: 01:04:27

Health: -2/67      AC: 13    Str:  8    XL:     10   Next: 78%
Magic:  19/21      EV: 11    Int: 30    God:    Vehumet [*.....]
Gold:   449        SH:  0    Dex: 12    Spells: 16/24 levels left

rFire   . . .      SeeInvis .   a - +2 dagger (venom) {short}
rCold   + + .      Faith    .   (no shield)
rNeg    + + .      Spirit   .   i - +0 ring mail of the Moon Troll {-Tele Fly Regen+ Int+8}
rPois   +          Reflect  .   (no helmet)
rElec   .          Harm     .   m - +1 cloak
rCorr   .          Rampage  .   f - +1 pair of gloves of the Monk {rPois rC++}
Will    +++..      Clarity  +   A - +2 pair of boots
Stlth   ++........ NoTele   +   u - amulet of the Four Winds {rN+ Will+++ Clar}
HPRegen 1.01/turn               b - ring of positive energy
MPRegen 0.17/turn               H - ring of poison resistance

@: flying
A: no striking features
a: Renounce Religion


You were on level 9 of the Dungeon.
You worshipped Vehumet.
Vehumet was aware of your devotion.
You visited 2 branches of the dungeon, and saw 10 of its levels.

You collected 539 gold pieces.
You spent 90 gold pieces at shops.


   Skills:
 + Level 2.1 Fighting
 + Level 1.3 Short Blades
 + Level 4.3 Armour
 + Level 3.7 Dodging
 + Level 6.1 Stealth
 * Level 7.6 Spellcasting
 * Level 8.9 Conjurations
 * Level 5.5 Translocations
 + Level 0.7 Fire Magic
 + Level 0.5 Evocations


You had 16 spell levels left.
You knew the following spells:

 Your Spells              Type           Power      Damage    Failure   Level
a - Magic Dart            Conj           100%       1d8       1%          1
b - Searing Ray           Conj           100%       2d8       1%          2
c - Iskenderun's Mystic   Conj/Tloc      53%        2d11      6%          4
d - Foxfire               Conj/Fire      100%       2x1d9     1%          1

Your spell library contained the following spells:

 Spells                   Type           Power      Damage    Failure   Level
 Static Discharge         Conj/Air       38%        3-8/arc   3%          2
 Dazzling Flash           Conj/Hex       76%        N/A       6%          3
 Sting                    Tmut/Pois      44%        1d5       13%         1
 Poisonous Vapours        Pois/Air       22%        N/A       19%         2
 Sublimation of Blood     Necr           11%        N/A       19%         2
 Fulminant Prism          Conj/Hex       19%        3d11      21%         4
 Inner Flame              Hex/Fire       13%        N/A       32%         3
 Confusing Touch          Hex            11%        N/A       36%         3
 Irradiate                Conj/Tmut      19%        3d18      50%         5
 Cause Fear               Hex            5%         N/A       77%         4
 Olgreb's Toxic Radiance  Pois           11%        N/A       77%         4
 Petrify                  Tmut/Erth      11%        N/A       77%         4
 Yara's Violent Unravell  Hex/Tmut       5%         3d4       98%         5
 Enfeeble                 Hex            5%         N/A       100%        7
 Discord                  Hex            5%         N/A       100%        8

Inventory:

Hand Weapons
 a - a +2 dagger of venom (weapon) {short}
   (You took it off an orc wizard on level 7 of the Dungeon)
 c - a +0 rapier {short}
   (You found it on level 2 of the Dungeon)
 x - a +0 war axe {axe}
   (You took it off an orc priest on level 5 of the Dungeon)
 y - a +4 spear of venom {polearm}
   (You took it off a gnoll sergeant on level 8 of the Dungeon)
 E - a +3 great sword {long}
   (You took it off a wight on level 7 of the Dungeon)
 O - a +0 scimitar of flaming {long}
   (You took it off Erica on level 8 of the Dungeon)
 W - a +1 dagger of freezing {short}
   (You took it off an orc on level 5 of the Dungeon)
Missiles
 p - 28 poisoned darts (quivered) {throwing}
 K - 3 atropa-tipped darts {throwing}
Armour
 d - a +0 scale mail
   (You took it off a gnoll sergeant on level 9 of the Dungeon)
 f - the +1 pair of gloves of the Monk (worn) {rPois rC++}
   (You found it on level 3 of the Dungeon)

   rC:        It greatly protects you from cold.
   rPois:     It protects you from poison.
 i - the +0 ring mail of the Moon Troll (worn) {-Tele Fly Regen+ Int+8}
   (You found it on level 7 of the Dungeon)

   Int:       It affects your intelligence (+8).
   Fly:       It grants you flight.
   -Tele:     It prevents most forms of teleportation.
   Regen:     It increases your rate of health regeneration.
 m - a +1 cloak (worn)
   (You found it on level 1 of the Dungeon)
 r - a +0 chain mail
   (You found it on level 7 of the Dungeon)
 v - a +0 scale mail
   (You took it off a gnoll sergeant on level 8 of the Dungeon)
 A - a +2 pair of boots (worn)
   (You found it on level 3 of the Dungeon)
 G - a +0 robe
   (You took it off an orc wizard on level 9 of the Dungeon)
 L - a +1 leather armour of fire resistance
   (You found it on level 6 of the Dungeon)
 M - a +0 robe
   (You took it off an orc wizard on level 9 of the Dungeon)
Jewellery
 b - a ring of positive energy (left hand)
   (You found it on level 5 of the Dungeon)
 u - the amulet of the Four Winds (around neck) {rN+ Will+++ Clar}
   (You found it on level 6 of the Dungeon)

   [amulet of nothing]

   rN:        It protects you from negative energy.
   Clar:      It protects you against confusion.
   Will:      It greatly increases your willpower.
 H - a ring of poison resistance (right hand)
   (You found it on level 5 of the Dungeon)
 S - an amulet of the acrobat
   (You found it on level 8 of the Dungeon)
Wands
 l - a wand of flame (10)
   (You found it on level 5 of the Dungeon)
 I - a wand of charming (14)
   (You found it on level 5 of the Dungeon)
 J - a wand of iceblast (13)
   (You took it off Erica on level 8 of the Dungeon)
Scrolls
 e - 2 scrolls of immolation {!r!r}
 h - 2 scrolls of blinking {!r}
 n - 2 scrolls of fear
 s - 3 scrolls of poison
 U - 2 scrolls of amnesia
Potions
 g - 2 potions of brilliance
 j - 3 potions of might
 k - a potion of lignification {!q}
 o - 2 potions of mutation {!q}
 q - a potion of haste {unknown}
 w - 3 potions of curing {@q1}
 z - 2 potions of attraction {unknown}
 B - 2 potions of cancellation {unknown}
 C - a potion of invisibility {unknown}
 D - 2 potions of resistance {unknown}

Dungeon Overview and Level Annotations

Branches:
Dungeon (9/15) Zot: 26767  Temple (1/1) D:7 Zot: 5981
   Lair: D:8-11         Orc: D:9-12

Altars:
Ashenzari
Dithmenos
Fedhas
Gozag
Hepliaklqana
Kikubaaqudgha
Makhleb
Nemelex Xobeh
Okawaru
Qazlal
Ru
Sif Muna
Trog
Uskayaw
Vehumet
Wu Jian
Xom
Yredelemnul
Zin
The Shining One

Shops:
D:8 (

Annotations:
D:5 1 runed translucent door, Crazy Yiuf, Ijyb
D:6 Dowan
D:8 1 runed translucent door, Daunt's ghost, novice TrBe

........# #.......
...<......# #.......
...........# #####.......
............###...........
.......................###
.......................#
.......................#
............<..........#
.......S.@...#######...###
...........###.... #......
#####.....#...... #......
+.....'...... ...... .
#.....#...... .... ..
#....##...... ##..
...#####c...# ..... #..
.......)....# ..... +..
........)...# .... #..


You could see a centaur warrior and a water moccasin.


Message History

Confirm with . or Enter, or press ? or * to list all spells.
You erupt in a blast of force!
The mystic blast hits the hornet!
The hornet is knocked back by the mystic blast.
The mystic blast hits the orc wizard!
You kill the orc wizard!
Vehumet accepts your kill.
Vehumet offers you knowledge of Static Discharge.
You feel your power returning. 😕 HP[+1] MP[-3]
You lost 3 mp, and now have 10/21 mp.
Casting: Iskenderun's Mystic Blast (dangerous; 6% risk of failure)
Confirm with . or Enter, or press ? or * to list all spells.
Aiming: Searing Ray (safe; 1% risk of failure)
Press: ? - help, Shift-Dir - straight line, f - hornet
Aim: a hornet (heavily wounded, 74% to hit)
The searing ray hits the hornet! (Press . to maintain the ray.) 😎 HP[+1] MP[-1]
Your hp is fully restored (67).
You lost 1 mp, and now have 9/21 mp.
The searing ray hits the hornet!
You kill the hornet!
Vehumet accepts your kill.
You feel your power returning. 😎 MP[+2]
You regained 2 mp, and now have 11/21 mp.
Found a stone staircase leading down.
G - a +0 robe
Things that are here:
a +0 dagger {short}; an orc corpse
M - a +0 robe
Things that are here:
a +0 dagger of holy wrath {short}; an orc corpse 😎 MP[+1]
Okay, then.
A water moccasin comes into view.
The water moccasin moves out of view. 😎 MP[+6]
You regained 6 mp, and now have 18/21 mp.
A centaur warrior comes into view. 😎 MP[+2]
You regained 2 mp, and now have 20/21 mp.
The centaur warrior shouts!
The centaur warrior wields a +0 longbow.
The centaur warrior shoots an arrow.
The arrow hits you!!
Things that are here:
a +0 dagger {short}; an orc corpse; 😮 HP[-24]
You take 24 damage, and now have 43/67 hp.
MASSIVE DAMAGE!! (PAUSE) 😮 HP[+1]
You are too injured to fight recklessly! 😮 HP[+1] MP[+1]
Your mp is fully restored (21).
Throw: dart (curare) {=fthrowing}
Press: ? - help, Q - select action, (/) - cycle Shift-Dir - straight line, f - centaur warrior
Aim: a centaur warrior, wielding a +0 longbow (65% to hit)
You throw a curare-tipped dart {=fthrowing}.
The curare-tipped dart {=fthrowing} barely misses the centaur warrior. 😮 HP[+1]
Casting: Searing Ray (safe; 1% risk of failure)
Confirm with . or Enter, or press ? or * to list all spells.
Aiming: Searing Ray (safe; 1% risk of failure)
Press: ? - help, Shift-Dir - straight line, f/p - centaur warrior
Aim: a centaur warrior, wielding a +0 longbow (87% to hit)
The searing ray misses the centaur warrior. (Press . to maintain the ray.)
The centaur warrior shoots an arrow.
The arrow completely misses you. 😮 HP[+1] MP[-2]
You lost 2 mp, and now have 19/21 mp.
The searing ray hits the centaur warrior.
The centaur warrior shoots an arrow.
The arrow hits you!!
* * * LOW HITPOINT WARNING * * *
The centaur warrior shoots an arrow.
The arrow misses you. 😨 HP[-24] MP[-1]
You take 24 damage, and now have 23/67 hp.
MASSIVE DAMAGE!! (PAUSE)
You lost 1 mp, and now have 18/21 mp.
You feel much better.
The centaur warrior shoots an arrow.
The arrow hits you!
* * * LOW HITPOINT WARNING * * *
😨 HP[+9]
You regained 9 hp, and now have 32/67 hp. 😨 HP[+1] 😮 HP[+1]
The water moccasin hisses angrily. 😮 HP[+1] MP[+1]
The centaur warrior shoots an arrow.
The arrow hits you!
* * * LOW HITPOINT WARNING * * *
😨 HP[-10]
You take 10 damage, and now have 25/67 hp.
The centaur warrior shoots an arrow.
The arrow hits you!
* * * LOW HITPOINT WARNING * * *
😨 HP[-8]
You take 8 damage, and now have 17/67 hp.
You feel much better.
The centaur warrior shoots an arrow.
The arrow hits you!
* * * LOW HITPOINT WARNING * * *
😨 HP[+8]
You regained 8 hp, and now have 25/67 hp.
The centaur warrior shoots an arrow.
The arrow hits you!
* * * LOW HITPOINT WARNING * * *
The centaur warrior shoots an arrow.
The arrow hits you!
You die...

Skill      XL: |  1  2  3  4  5  6  7  8  9 10 |
---------------+-------------------------------+-----
Conjurations   | 5 6 7 8 |  8.9
Dodging        | 3 |  3.7
Stealth        | 3 4 5 6 |  6.1
Spellcasting   | 3 4 6 7 |  7.6
Fighting       | 1 2 |  2.1
Short Blades   | 1 |  1.3
Translocations | 3 4 5 |  5.5
Armour         | 2 4 |  4.3
Fire Magic     | |  0.7
Evocations     | |  0.5

Action                   |  1- 3 |  4- 6 |  7- 9 | 10-12 || total
-------------------------+-------+-------+-------+-------++-------
Melee: Unarmed           |     2 |       |       |       ||     2
       Mace              |     1 |       |       |       ||     1
       Dagger            |     2 |    38 |    10 |     1 ||    51
       Rapier            |       |       |     4 |       ||     4
       Punch             |       |       |     1 |       ||     1
Throw: Dart              |       |       |       |     1 ||     1
 Cast: Magic Dart        |    24 |    23 |    18 |    14 ||    79
       Searing Ray       |    12 |    28 |    59 |    17 ||   116
       Iskenderun's Myst |       |       |     5 |    10 ||    15
       Foxfire           |       |       |       |    23 ||    23
Evoke: Wand              |       |       |       |     2 ||     2
  Use: Potion            |     1 |     1 |       |     2 ||     4
       Scroll            |       |     4 |    14 |     2 ||    20
 Stab: Sleeping          |     2 |     7 |    13 |       ||    22
Armor: Robe              |     3 |    18 |     8 |       ||    29
       Skin              |       |     9 |       |       ||     9
       Leather armour    |       |       |     3 |       ||     3
       Ring mail         |       |       |    11 |    11 ||    22
Dodge: Dodged            |     9 |    27 |    51 |    12 ||    99

Levels and vault maps discovered:
D:1:      psy_arrival_basics, layout_loops_ring,
          shapermc_ecumenical_altar_starsandcircs, roderic_lattice_a,
          nicolae_figureground_pulse
D:2:      layout_loops_ring
D:3:      layout_rooms, amcnicky_altar_gilded, mainiacjoe_overflow_brackets,
          trog_hazing_becter, uniq_jessica
D:4:      layout_basic, mainiacjoe_overflow_boulevard
D:5:      layout_loops_ring, nicolae_overflow_hidden_temple,
          uniq_crazy_yiuf_cottage, uniq_ijyb
D:6:      layout_basic, lightli_minifort, uniq_duvessa
D:7:      layout_loops_ring, zin_purify, mainiacjoe_overflow_alcove_2,
          general_overflow_altar, temple_doors_e, minmay_misc_feat_chi
D:8:      layout_loops_corners, ebering_ghost_inner_flame,
          nicolae_take_the_stairs, uniq_psyche, uniq_erica, uniq_pikel
D:9:      nzn_winding_woodlands_three_and_one
          [nzn_winding_woodlands_5x15_river_crossing,
          nzn_winding_woodlands_5x15_parted, nzn_winding_woodlands_5x15_eye,
          nzn_winding_woodlands_center_garden], layout_irregular_city,
          lemuel_crystal_altar
Temple:   hellmonk_temple_two_chambers

Notes
Turn   | Place    | Note
-------+----------+-------------------------------------------
     0 | D:1      | mortz the Human Conjurer began the quest for the Orb.
     0 | D:1      | Reached XP level 1. HP: 13/13 MP: 3/3
     0 | D:1      | magus.rc [v1.9.6]
   380 | D:1      | Reached XP level 2. HP: 19/19 MP: 5/5
   517 | D:1      | Learned a level 2 spell: Searing Ray
   669 | D:1      | Reached XP level 3. HP: 22/24 MP: 0/6
   949 | D:1      | Found a faded altar of an unknown god.
  1458 | D:2      | Reached XP level 4. HP: 22/30 MP: 0/7
  2520 | D:3      | Found an ancient bone altar of Kikubaaqudgha.
  2670 | D:3      | Identified the +1 pair of gloves of the Monk {rPois rC++}
  2784 | D:3      | You fall into a shaft and drop 3 floors!
  2784 | D:6      | Found the amulet of the Four Winds {rN+ Will+++ Clar}
  2798 | D:5      | Entered Level 5 of the Dungeon
  2802 | D:5      | Noticed an ogre
  2827 | D:5      | Reached XP level 5. HP: 35/35 MP: 5/9
  2873 | D:5      | Noticed Ijyb
  2964 | D:5      | Reached skill level 5 in Conjurations
  2965 | D:5      | Killed an ogre
  2966 | D:5      | Reached skill level 3 in Dodging
  2966 | D:5      | Reached skill level 3 in Stealth
  2966 | D:5      | Reached skill level 3 in Spellcasting
  2993 | D:6      | Reached XP level 6. HP: 19/41 MP: 2/11
  3395 | D:5      | You pick up a book of Misfortune and begin reading...
  3395 | D:5      | You add the spells Confusing Touch, Yara's Violent
                  | Unravelling and Enfeeble to your library.
  3403 | D:4      | You add the spells Sting, Poisonous Vapours and Olgreb's
                  | Toxic Radiance to your library.
  3505 | D:3      | Noticed Jessica
  3538 | D:3      | Found a blossoming altar of Fedhas.
  3663 | D:3      | Found a bloodstained altar of Trog.
  3931 | D:3      | Killed Jessica
  3932 | D:3      | Reached skill level 4 in Stealth
  4017 | D:4      | Reached XP level 7. HP: 46/46 MP: 5/12
  4280 | D:4      | Reached skill level 6 in Conjurations
  4388 | D:4      | Found a broken altar of Ashenzari.
  4877 | D:5      | Learned a level 4 spell: Iskenderun's Mystic Blast
  4931 | D:5      | Reached skill level 1 in Fighting
  5082 | D:5      | Found a burning altar of Makhleb.
  5305 | D:5      | Found a runed translucent door.
  5306 | D:5      | Noticed Crazy Yiuf
  5712 | D:6      | Reached XP level 8. HP: 54/54 MP: 3/13
  5713 | D:6      | Reached skill level 4 in Spellcasting
  5862 | D:6      | Reached skill level 1 in Short Blades
  5862 | D:6      | Reached skill level 1 in Translocations
  6224 | D:6      | Reached skill level 5 in Stealth
  6399 | D:6      | Noticed Dowan
  6547 | D:6      | Reached skill level 2 in Translocations
  6639 | D:6      | Reached skill level 7 in Conjurations
  7084 | D:7      | Reached skill level 3 in Translocations
  7086 | D:7      | Reached XP level 9. HP: 53/59 MP: 7/16
  7150 | D:7      | Identified the +0 ring mail of the Moon Troll {-Tele Fly
                  | Regen+ Int+8}
  7269 | D:7      | Found a staircase to the Ecumenical Temple.
  7274 | Temple   | Entered the Ecumenical Temple
  7288 | Temple   | Became a worshipper of Vehumet
  7373 | D:7      | Reached skill level 4 in Translocations
  7480 | D:7      | Reached skill level 1 in Armour
  7484 | D:7      | Reached skill level 5 in Spellcasting
  7545 | D:7      | Reached skill level 6 in Stealth
  7723 | D:7      | Found a hide-covered altar of Uskayaw.
  8193 | D:7      | Found a shadowy altar of Dithmenos.
  8356 | D:7      | Found Zin's Purification Station.
  8359 | D:7      | Found a glowing silver altar of Zin.
  8362 | D:7      | Bought a potion of curing for 90 gold pieces
  8537 | D:8      | Noticed Psyche
  8619 | D:8      | Found Plog's Antique Weapon Shop.
  8622 | D:8      | You pick up a book of Hexes and begin reading...
  8622 | D:8      | You add the spells Inner Flame, Cause Fear and Discord to
                  | your library.
  8728 | D:8      | Reached skill level 6 in Spellcasting
  8789 | D:8      | Reached * piety under Vehumet
  8789 | D:8      | Offered knowledge of Foxfire by Vehumet.
  8790 | D:8      | Reached skill level 2 in Armour
  8792 | D:8      | Learned a level 1 spell: Foxfire
  8920 | D:8      | You pick up a book of Alchemy and begin reading...
  8920 | D:8      | You add the spells Sublimation of Blood, Petrify and
                  | Irradiate to your library.
  9487 | D:8      | Reached skill level 8 in Conjurations
  9487 | D:8      | Reached XP level 10. HP: 25/67 MP: 6/19
  9490 | D:8      | Noticed Erica
  9579 | D:8      | Killed Erica
  9580 | D:8      | Reached skill level 3 in Armour
  9580 | D:8      | Reached skill level 7 in Spellcasting
  9580 | D:8      | Reached skill level 5 in Translocations
  9762 | D:8      | Reached skill level 2 in Fighting
  9882 | D:8      | Found a runed translucent door.
  9882 | D:8      | Noticed Daunt's ghost (novice TrBe)
 10184 | D:8      | Noticed Pikel
 10619 | D:8      | Killed Pikel
 10722 | D:8      | Killed Psyche
 10723 | D:8      | Reached skill level 4 in Armour
 11058 | D:9      | Offered knowledge of Static Discharge by Vehumet.
 11114 | D:9      | Noticed a centaur warrior
 11128 | D:9      | HP: 12/67 [centaur warrior/arrow (14)]
 11128 | D:9      | Shot with an arrow by a centaur warrior

Vanquished Creatures
  Erica (D:8)
  Pikel (D:8)
  Psyche (D:8)
  A hornet (D:9)
  A vampire (D:8)
  A wyvern (D:8)
  A steam dragon (D:8)
  An orc warrior (D:6)
  3 ice beasts (D:6)
  An ogre (D:5)
  2 centaurs (D:8)
  3 lemures (D:8)
  3 kobold brigands
  2 gnoll sergeants
  2 bullfrogs
  4 necrophages
  16 wights (D:7)
  5 orc priests
  A hound (D:4)
  A jelly (D:4)
  Jessica (D:3)
  3 iguanas
  7 orc wizards
  6 gnolls
  11 adders
  2 shadow imps (D:7)
  An ufetubus (D:5)
  4 dart slugs
  20 orcs
  4 ball pythons
  10 endoplasms
  2 giant cockroaches
  13 goblins
  9 hobgoblins
  10 jackals
  A quokka (D:1)
  5 bats
  5 frilled lizards
  23 kobolds
  4 rats
192 creatures vanquished.

Vanquished Creatures (others)
  41 foxfires
  8 plants (D:9)
49 creatures vanquished.

Grand Total: 241 creatures vanquished

Table legend:
 A = Non-vault XP
 B = Vault XP
 C = Vault XP percentage of total XP
 D = Non-vault monster count
 E = Vault monster count
 F = Vault count percentage of total count
                 A         B        C        D         E       F
            +---------+---------+-------+---------+---------+-------
      Total |    4807 |    2142 |  30.8 |     175 |      14 |   7.4
            +---------+---------+-------+---------+---------+-------
        D:1 |      54 |       0 |   0.0 |      30 |       0 |   0.0
        D:2 |      44 |       0 |   0.0 |      20 |       0 |   0.0
        D:3 |      48 |      48 |  50.0 |      14 |       7 |  33.3
        D:4 |     352 |       0 |   0.0 |      17 |       0 |   0.0
        D:5 |     323 |       0 |   0.0 |      15 |       0 |   0.0
        D:6 |     795 |     175 |  18.0 |      15 |       4 |  21.1
        D:7 |    1412 |       0 |   0.0 |      27 |       0 |   0.0
        D:8 |    1173 |    1919 |  62.1 |      21 |       3 |  12.5
        D:9 |     606 |       0 |   0.0 |      16 |       0 |   0.0
            +---------+---------+-------+---------+---------+-------

Illustrated notes

Table legend:
 A = Kills in this place as a percentage of kills in entire the game.
 B = Kills by you in this place as a percentage of kills by you in the entire game.
 C = Kills by friends in this place as a percentage of kills by friends in the entire game.
 D = Other kills in this place as a percentage of other kills in the entire game.
 E = Experience gained in this place as a percentage of experience gained in the entire game.
 F = Experience gained in this place divided by the number of levels of this place that you have seen.
                   A       B       C       D       E      F
               +-------+-------+-------+-------+-------+----------------------
         Total | 100.0 | 100.0 |   N/A |   N/A | 100.0 | 694.9
       Dungeon | 100.0 | 100.0 |   N/A |   N/A | 100.0 | 772.1
               +-------+-------+-------+-------+-------+----------------------

Table legend: (Time is in decaauts)
 A = Elapsed time spent in this place.
 B = Non-inter-level travel time spent in this place.
 C = Inter-level travel time spent in this place.
 D = Time resting spent in this place.
 E = Time spent auto-exploring this place.
 F = Levels seen in this place.
 G = Mean time per level.
                   A        B        C        D        E       F      G
               +--------+--------+--------+--------+--------+-----+--------+
         Total |  11128 |  10654 |    474 |   1306 |   7632 |  10 | 1112.8 |
       Dungeon |  11110 |  10639 |    471 |   1306 |   7625 |   9 | 1234.4 |
        Temple |     18 |     15 |      3 |      0 |      7 |   1 |   18.0 |
               +--------+--------+--------+--------+--------+-----+--------+

Top non-repeatable levels by time:
     D:8: 2157 daAuts
     D:6: 1786 daAuts
     D:7: 1557 daAuts
     D:1: 1536 daAuts
     D:5: 1120 daAuts
     D:2: 966 daAuts
     D:4: 940 daAuts
     D:3: 813 daAuts
     D:9: 231 daAuts
  Temple: 18 daAuts
